 Dungeon Crawl Stone Soup version 0.25-a0-292-gaa31f046c4 (webtiles) character file.

Game seed: 12350781550228540523, levelgen mode: classic

148 Borgoz the Shield-Bearer (level 5, -11/33 HPs)
             Began as a Gargoyle Fighter on Dec 15, 2019.
             Killed from afar by a leopard gecko skeleton (41 damage)
             ... with an exploding inner flame
             ... hexed by the player character
             ... on level 3 of the Dungeon.
             The game lasted 00:01:58 (1404 turns).

Borgoz the Shield-Bearer (Gargoyle Fighter)         Turns: 1404, Time: 00:01:59

Health: -11/33     AC: 12    Str: 20    XL:     5   Next: 30%
Magic:  5/5        EV:  8    Int:  9    God:
Gold:   59         SH:  9    Dex:  9    Spells: 4/4 levels left

rFire    . . .     SeeInvis .   a - +0 flail
rCold    . . .     Gourm    .   c - +0 shield
rNeg     + . .     Faith    .   b - +1 scale mail
rPois    ∞         Spirit   .   (no helmet)
rElec    +         Reflect  .   (no cloak)
rCorr    .         Harm     .   (no gloves)
MR       .....                  (no boots)
Stlth    ..........             (no amulet)
HPRegen  0.11/turn              (no ring)
MPRegen  0.09/turn              (no ring)

@: no status effects
A: negative energy resistance 1, electricity resistance, unbreathing,
petrification resistance, rot immunity, AC +4
a: no special abilities


You were on level 3 of the Dungeon.
You were not hungry.

You visited 1 branch of the dungeon, and saw 3 of its levels.

You collected 59 gold pieces.

Inventory:

Hand Weapons
 a - a +0 flail (weapon)
Armour
 b - a +1 scale mail (worn)
 c - a +0 shield (worn)
Jewellery
 p - a cursed ring of see invisible
Wands
 k - a wand of random effects (9)
Potions
 d - 3 potions of might
 e - a potion of haste {unknown}
 h - a potion of agility {unknown}
 i - a potion of heal wounds {unknown}
 m - a potion of brilliance {unknown}
 n - a potion of degeneration {unknown}
Comestibles
 f - 5 rations
 o - 5 chunks of flesh


   Skills:
 + Level 4.0 Fighting
 * Level 3.4 Maces & Flails
 + Level 4.0 Armour
 + Level 1.2 Dodging
 + Level 4.0 Shields


You had 4 spell levels left.
You didn't know any spells.
Your spell library was empty.

Dungeon Overview and Level Annotations

Branches:
Dungeon (3/15)

Altars:
Dithmenos


Innate Abilities, Weirdness & Mutations

You are resistant to torment.
Your stone body is resilient. (AC +4)
You are immune to poison.
You resist negative energy. (rN+)
You are resistant to electric shocks. (rElec)
You can survive without breathing.
You are immune to petrification.
You are immune to rotting.


Message History

Found a stone staircase leading down.
A leopard gecko skeleton comes into view.
Found a scroll labeled GICZUA WUTEC.
As you read the scroll labeled GISHIU SYOR, it crumbles to dust.
It is a scroll of enchant armour.
Your +0 scale mail glows green for a moment.
As you read the scroll labeled ZAIMPI JUARIY, it crumbles to dust.
You feel blessed for a moment.
It was a scroll of remove curse.
As you read the scroll labeled ROMYOCSODGHI, it crumbles to dust.
The creatures around you are filled with an inner flame!
It was a scroll of immolation.
Found a ration.
You hit the leopard gecko skeleton.
Flame seeps out of the leopard gecko skeleton.
The leopard gecko skeleton is heavily damaged.
The leopard gecko skeleton is engulfed in blazing flames.
The leopard gecko skeleton explodes!
The fiery explosion engulfs you!!!
Ouch! That really hurt!
You die...

#.##.#
##+###.##.#.#
#....#.##.#%#
#....#.##.#.#
#....#...<#.#
###....#....#.#
.......#.####.#
.........####.#
............@§#
..........##○§#
...#####..##.§#
.. .....#..# .
####..#..#
#..##.. ..>#
..? ##.# .#.


There were no monsters in sight!

Vanquished Creatures
  A crimson imp (D:2)
  3 gnolls (D:2)
  2 adders (D:2)
  An ooze (D:1)
  2 worms (D:2)
  2 dart slugs (D:1)
  A leopard gecko (D:2)
  6 giant cockroaches
  7 hobgoblins
  2 jackals (D:2)
  5 kobolds
  2 quokkas (D:2)
  9 bats
  4 frilled lizards
  4 goblins
  5 rats
56 creatures vanquished.

Notes
Turn   | Place    | Note
-------+----------+-------------------------------------------
     0 | D:1      | Borgoz the Gargoyle Fighter began the quest for the Orb.
     0 | D:1      | Reached XP level 1. HP: 14/14 MP: 1/1
   145 | D:1      | Reached XP level 2. HP: 18/19 MP: 2/2
   339 | D:1      | Reached XP level 3. HP: 23/23 MP: 3/3
   848 | D:2      | Reached XP level 4. HP: 13/28 MP: 4/4
  1000 | D:2      | Reached skill level 1 in Dodging
  1106 | D:2      | Found a shadowy altar of Dithmenos.
  1193 | D:2      | Reached XP level 5. HP: 33/33 MP: 5/5
  1404 | D:3      | Killed from afar by a leopard gecko skeleton

Levels and vault maps discovered:
D:1:      dpeg_arrival_erosion, layout_loops_ring, corexii_corridor_pit
D:2:      layout_rooms, nicolae_dithmenos_shadow_blocks, first_ration
D:3:      layout_basic, lemuel_round_altar, lemuel_doored_altar,
          nicolae_xom_altar_mimics, grunt_gozag_statues,
          chequers_ecumenical_altar_simple, cheibrodos_sewer_entry_sluice,
          minmay_misc_feat_chi, patterned_corridor

Skill      XL: |  1  2  3  4  5 |
---------------+----------------+-----
Maces & Flails | 3 |  3.4
Dodging        | 1 |  1.2
Shields        | 4 |  4.0
Armour         | 4 |  4.0
Fighting       | 4 |  4.0

Action                   |  1- 3 |  4- 6 || total
-------------------------+-------+-------++-------
Melee: Flail             |   192 |   160 ||   352
  Use: Scroll            |       |     3 ||     3
  Eat: Chunk             |       |     3 ||     3
Armor: Scale mail        |   131 |   103 ||   234
Dodge: Dodged            |    90 |    59 ||   149
Block: Shield            |   119 |    93 ||   212

Table legend:
 A = Non-vault XP
 B = Vault XP
 C = Vault XP percentage of total XP
 D = Non-vault monster count
 E = Vault monster count
 F = Vault count percentage of total count
                 A         B        C        D         E       F
            +---------+---------+-------+---------+---------+-------
      Total |     212 |       0 |   0.0 |      56 |       0 |   0.0
            +---------+---------+-------+---------+---------+-------
        D:1 |      51 |       0 |   0.0 |      27 |       0 |   0.0
        D:2 |     161 |       0 |   0.0 |      29 |       0 |   0.0
            +---------+---------+-------+---------+---------+-------
